TOP OF THE 1ST |
Las Vegas Flamingos batting - Pitching for D.C. Divided : RHP Manuel Delgadillo
|
Pitching: RHP Manuel Delgadillo
|
|
Batting: LHB Ruud van Ineveld
|
0-0: Called Strike 0-1: Ball 1-1: Swinging Strike 1-2: Foul Ball, location: 2F 1-2: SINGLE (Groundball, 34D)
|
Batting: RHB Sake van Arem
|
0-0: Ball 1-0: Ball 2-0: Foul Ball, location: 2F 2-1: Ball 3-1: DOUBLE (Line Drive, 8RD) Ruud van Ineveld to third
|
Batting: RHB Baldomero Avino
|
0-0: Ball 1-0: Called Strike 1-1: Called Strike 1-2: Ball 2-2: Ball 3-2: Foul Ball, location: 2F 3-2: Strikes out swinging
|
Batting: LHB Victor Adams
|
0-0: Foul Ball, location: 2F 0-1: Fly out, F7 (Line Drive, 7S) Runner from 3rd tags up, SCORES, no throw
|
Batting: LHB Ty Tomblin
|
0-0: Ball 1-0: Foul Ball, location: 2F 1-1: Fly out, F6 (Line Drive, 56)
|
Top of the 1st over - 1 run, 2 hits, 0 errors, 1 left on base; Las Vegas 1 - D.C. 0 |
BOTTOM OF THE 1ST |
D.C. Divided batting - Pitching for Las Vegas Flamingos : RHP Sy-ing Tah
|
Pitching: RHP Sy-ing Tah
|
|
Batting: RHB Arturo Rodríguez
|
0-0: Ball 1-0: Ball 2-0: Called Strike 2-1: Foul Ball, location: 2F 2-2: Foul Ball, location: 2F 2-2: Fly out, F9 (Flyball, 89M)
|
Batting: RHB Ken Bone
|
0-0: Ball 1-0: Foul Ball, location: 2F 1-1: Ball 2-1: Swinging Strike 2-2: SINGLE (Line Drive, 89M)
|
Batting: RHB José Torres
|
0-0: Called Strike 0-1: Ball 1-1: Ball 2-1: Ball 3-1: Called Strike 3-2: Grounds into double play, 4-6-3 (Groundball, 4M)
|
Bottom of the 1st over - 0 runs, 1 hit, 0 errors, 0 left on base; Las Vegas 1 - D.C. 0 |
TOP OF THE 2ND |
Las Vegas Flamingos batting - Pitching for D.C. Divided : RHP Manuel Delgadillo
|
Batting: RHB Xavier Hernández
|
0-0: Called Strike 0-1: Ball 1-1: Reached on error, E5 (Groundball, 56S)
|
Batting: SHB Takashi Noda
|
0-0: Grounds into double play, 6-4-3 (Groundball, 6)
|
Batting: RHB Ellis Greenham
|
0-0: Fly out, F7 (Line Drive, 7)
|
Top of the 2nd over - 0 runs, 0 hits, 1 error, 0 left on base; Las Vegas 1 - D.C. 0 |
BOTTOM OF THE 2ND |
D.C. Divided batting - Pitching for Las Vegas Flamingos : RHP Sy-ing Tah
|
Batting: RHB Wilbur Davis
|
0-0: Called Strike 0-1: Swinging Strike 0-2: Strikes out swinging, 2-3 out at first.
|
Batting: LHB Yao-pang Chiang
|
0-0: Ball 1-0: SOLO HOME RUN (Flyball, 89XD), Distance : 480 ft
|
Batting: RHB Daryl Yandell
|
0-0: Ball 1-0: Foul Ball, location: 2F 1-1: Foul Ball, location: 2F 1-2: Ground out 5-3 (Groundball, 5S)
|
Batting: RHB Oliver Aranda
|
0-0: DOUBLE (Line Drive, 7LM)
|
Batting: RHB Amon-Ra St. Brown
|
0-0: Ball 1-0: Swinging Strike 1-1: Called Strike 1-2: Foul Ball, location: 2F 1-2: Strikes out swinging
|
Bottom of the 2nd over - 1 run, 2 hits, 0 errors, 1 left on base; Las Vegas 1 - D.C. 1 |
TOP OF THE 3RD |
Las Vegas Flamingos batting - Pitching for D.C. Divided : RHP Manuel Delgadillo
|
Batting: RHB Sun-jae Kwak
|
0-0: Foul Ball, location: 2F 0-1: Swinging Strike 0-2: Ball 1-2: Foul Ball, location: 2F 1-2: Strikes out swinging
|
Batting: LHB Ruud van Ineveld
|
0-0: Called Strike 0-1: Ball 1-1: SINGLE (Flyball, 78S)
|
Batting: RHB Sake van Arem
|
0-0: Called Strike 0-1: Ball 1-1: Ball 2-1: Foul Ball, location: 2F 2-2: Foul Ball, location: 2F 2-2: Foul Ball, location: 2F 2-2: Foul Ball, location: 2F 2-2: Foul Ball, location: 2F 2-2: Ball Ruud van Ineveld steals 2nd base 3-2: Foul Ball, location: 2F 3-2: SINGLE (Line Drive, 7S) Ruud van Ineveld to third Runner from 3rd tries for Home, SAFE, throw made home
|
Batting: RHB Baldomero Avino
|
0-0: Ball 1-0: Swinging Strike 1-1: Fly out, F8 (Flyball, 8LXD)
|
Batting: LHB Victor Adams
|
0-0: Ball 1-0: Foul Ball, location: 2F 1-1: Foul Ball, location: 2F 1-2: Ball 2-2: Foul Ball, location: 2F 2-2: Ball 3-2: Base on Balls Sake van Arem to second
|
Batting: LHB Ty Tomblin
|
0-0: Ball 1-0: Ball 2-0: Called Strike 2-1: Ball 3-1: Base on Balls Sake van Arem to third Victor Adams to second
|
Batting: RHB Xavier Hernández
|
0-0: Ball 1-0: Foul Ball, location: 2F 1-1: Called Strike 1-2: Ball 2-2: Reached via error on a dropped throw, E4 Sake van Arem scores Victor Adams to third Ty Tomblin to second
|
Batting: SHB Takashi Noda
|
0-0: Called Strike 0-1: Ball 1-1: Ball 2-1: Called Strike 2-2: SINGLE (Line Drive, 8LS) Victor Adams scores Ty Tomblin to third Xavier Hernández to second Runner from 3rd tries for Home, SAFE, no throw
|
Batting: RHB Ellis Greenham
|
0-0: Called Strike 0-1: Fielders Choice at 2nd, 6-4 (Groundball, 6)
|
Top of the 3rd over - 4 runs, 3 hits, 1 error, 2 left on base; Las Vegas 5 - D.C. 1 |
BOTTOM OF THE 3RD |
D.C. Divided batting - Pitching for Las Vegas Flamingos : RHP Sy-ing Tah
|
Batting: RHB Sherman N'Dir
|
0-0: Foul Ball, location: 2F 0-1: Foul Ball, location: 2F 0-2: Ground out 5-3 (Groundball, 56)
|
Batting: RHB Arturo Rodríguez
|
0-0: Ball 1-0: Fly out, F8 (Flyball, 8LM)
|
Batting: RHB Ken Bone
|
0-0: Called Strike 0-1: Foul Ball, location: 2F 0-2: Ball 1-2: Foul Ball, location: 2F 1-2: Strikes out swinging
|
Bottom of the 3rd over - 0 runs, 0 hits, 0 errors, 0 left on base; Las Vegas 5 - D.C. 1 |
TOP OF THE 4TH |
Las Vegas Flamingos batting - Pitching for D.C. Divided : RHP Manuel Delgadillo
|
Batting: RHB Sun-jae Kwak
|
0-0: Called Strike 0-1: DOUBLE (Line Drive, 7LS)
|
Batting: LHB Ruud van Ineveld
|
0-0: Ball 1-0: Called Strike 1-1: Called Strike 1-2: Foul Ball, location: 2F 1-2: Ball 2-2: Foul Ball, location: 2F 2-2: Foul Ball, location: 2F 2-2: Ball 3-2: Foul Ball, location: 2F 3-2: Foul Ball, location: 2F 3-2: Strikes out looking
|
Batting: RHB Sake van Arem
|
0-0: Ball 1-0: Called Strike 1-1: Fly out, F7 (Line Drive, 78D)
|
Batting: RHB Baldomero Avino
|
0-0: Swinging Strike 0-1: Ball 1-1: Called Strike 1-2: Ball 2-2: Foul Ball, location: 2F 2-2: Ground out 6-3 (Groundball, 6)
|
Top of the 4th over - 0 runs, 1 hit, 0 errors, 1 left on base; Las Vegas 5 - D.C. 1 |
BOTTOM OF THE 4TH |
D.C. Divided batting - Pitching for Las Vegas Flamingos : RHP Sy-ing Tah
|
Batting: RHB José Torres
|
0-0: Called Strike 0-1: Ground out 5-3 (Groundball, 56S)
|
Batting: RHB Wilbur Davis
|
0-0: Ball 1-0: Swinging Strike 1-1: Ball 2-1: Ball 3-1: Ground out 6-3 (Groundball, 6)
|
Batting: LHB Yao-pang Chiang
|
0-0: Ball 1-0: Called Strike 1-1: Swinging Strike 1-2: Fly out, F8 (Flyball, 8LM)
|
Bottom of the 4th over - 0 runs, 0 hits, 0 errors, 0 left on base; Las Vegas 5 - D.C. 1 |
TOP OF THE 5TH |
Las Vegas Flamingos batting - Pitching for D.C. Divided : RHP Manuel Delgadillo
|
Batting: LHB Victor Adams
|
0-0: Called Strike 0-1: Called Strike 0-2: Fly out, F8 (Flyball, 78S)
|
Batting: LHB Ty Tomblin
|
0-0: Ball 1-0: Called Strike 1-1: Called Strike 1-2: Ball 2-2: Ball 3-2: Base on Balls
|
Batting: RHB Xavier Hernández
|
0-0: Ball 1-0: Called Strike 1-1: Swinging Strike 1-2: Grounds into double play, 6-4-3 (Groundball, 6)
|
Top of the 5th over - 0 runs, 0 hits, 0 errors, 0 left on base; Las Vegas 5 - D.C. 1 |
BOTTOM OF THE 5TH |
D.C. Divided batting - Pitching for Las Vegas Flamingos : RHP Sy-ing Tah
|
Batting: RHB Daryl Yandell
|
0-0: Foul Ball, location: 2F 0-1: Foul Ball, location: 2F 0-2: DOUBLE (Line Drive, 78XD)
|
Batting: RHB Oliver Aranda
|
0-0: Ball 1-0: Foul Ball, location: 2F 1-1: Called Strike 1-2: Ball 2-2: 2-RUN HOME RUN (Line Drive, 7LD), Distance : 470 ft
|
Batting: RHB Amon-Ra St. Brown
|
0-0: Ball 1-0: Swinging Strike 1-1: Ball 2-1: Ball 3-1: Base on Balls
|
Batting: RHB Sherman N'Dir
|
0-0: Called Strike 0-1: Ball 1-1: Bunted foul 1-2: Foul Ball, location: 2F 1-2: Fielders Choice at 2nd, 6-4 (Groundball, 56)
|
Batting: RHB Arturo Rodríguez
|
0-0: Called Strike 0-1: Foul Ball, location: 2F 0-2: Ball 1-2: Ball 2-2: SINGLE (Line Drive, 5) Sherman N'Dir to second
|
Batting: RHB Ken Bone
|
0-0: Called Strike 0-1: SINGLE (Line Drive, 89M) Sherman N'Dir to third Arturo Rodríguez to second Runner from 3rd tries for Home, SAFE, no throw
|
Batting: RHB José Torres
|
0-0: Foul Ball, location: 2F 0-1: Called Strike 0-2: Ball 1-2: Ball 2-2: Ball 3-2: SINGLE (Groundball, 3D) Arturo Rodríguez to third Ken Bone to second Runner from 3rd tries for Home, throw and OUT!
|
Batting: RHB Wilbur Davis
|
0-0: Swinging Strike 0-1: Ball 1-1: Ball 2-1: Fielders Choice at 2nd, 6-4 (Groundball, 6)
|
Bottom of the 5th over - 3 runs, 5 hits, 0 errors, 2 left on base; Las Vegas 5 - D.C. 4 |
TOP OF THE 6TH |
Las Vegas Flamingos batting - Pitching for D.C. Divided : RHP Manuel Delgadillo
|
Pitching: RHP Baker Mayfield
|
|
Batting: SHB Takashi Noda
|
0-0: Ball 1-0: Called Strike 1-1: Called Strike 1-2: Foul Ball, location: 2F 1-2: Ball 2-2: Foul Ball, location: 2F 2-2: Ball 3-2: Foul Ball, location: 2F 3-2: Base on Balls
|
Batting: RHB Ellis Greenham
|
0-0: Sac Bunt - play at first, batter OUT! 5-4 Takashi Noda to second
|
Batting: RHB Sun-jae Kwak
|
0-0: Ball 1-0: Ball 2-0: Fly out, F4 (Popup, 23)
|
Batting: LHB Ruud van Ineveld
|
0-0: SINGLE (Line Drive, 78S) Takashi Noda to third Runner from 3rd tries for Home, SAFE, no throw
|
Batting: RHB Sake van Arem
|
0-0: Called Strike 0-1: Foul Ball, location: 2F 0-2: Fly out, F7 (Flyball, 7S)
|
Top of the 6th over - 1 run, 1 hit, 0 errors, 1 left on base; Las Vegas 6 - D.C. 4 |
BOTTOM OF THE 6TH |
D.C. Divided batting - Pitching for Las Vegas Flamingos : RHP Sy-ing Tah
|
Batting: LHB Yao-pang Chiang
|
0-0: Ball 1-0: Called Strike 1-1: Foul Ball, location: 2F 1-2: Strikes out swinging
|
Batting: RHB Daryl Yandell
|
0-0: Swinging Strike 0-1: Ball 1-1: Fly out, F8 (Flyball, 8RD)
|
Batting: RHB Oliver Aranda
|
0-0: Called Strike 0-1: Foul Ball, location: 2F 0-2: Ball 1-2: Ground out 6-3 (Groundball, 6)
|
Bottom of the 6th over - 0 runs, 0 hits, 0 errors, 0 left on base; Las Vegas 6 - D.C. 4 |
TOP OF THE 7TH |
Las Vegas Flamingos batting - Pitching for D.C. Divided : RHP Baker Mayfield
|
Batting: RHB Baldomero Avino
|
0-0: Swinging Strike 0-1: Fly out, F5 (Line Drive, 5S)
|
Batting: LHB Victor Adams
|
0-0: Ball 1-0: Called Strike 1-1: Swinging Strike 1-2: Ground out U3 (Groundball, 3)
|
Batting: LHB Ty Tomblin
|
0-0: Ball 1-0: Ground out U3 (Groundball, 3)
|
Top of the 7th over - 0 runs, 0 hits, 0 errors, 0 left on base; Las Vegas 6 - D.C. 4 |
BOTTOM OF THE 7TH |
D.C. Divided batting - Pitching for Las Vegas Flamingos : RHP Sy-ing Tah
|
Batting: RHB Amon-Ra St. Brown
|
0-0: Called Strike 0-1: Ball 1-1: SINGLE (Line Drive, 8LS)
|
Pitching: RHP Gilberto Medina
|
|
Batting: RHB Sherman N'Dir
|
0-0: Bunted foul 0-1: Ball 1-1: Ball 2-1: Sac Bunt - play at first, batter OUT! 5-4 Amon-Ra St. Brown to second
|
Batting: RHB Arturo Rodríguez
|
0-0: Ball 1-0: Foul Ball, location: 2F 1-1: Foul Ball, location: 2F 1-2: Strikes out swinging
|
Batting: RHB Ken Bone
|
0-0: Ball 1-0: Foul Ball, location: 2F 1-1: Foul Ball, location: 2F 1-2: Ball 2-2: Foul Ball, location: 2F 2-2: Strikes out swinging
|
Bottom of the 7th over - 0 runs, 1 hit, 0 errors, 1 left on base; Las Vegas 6 - D.C. 4 |
TOP OF THE 8TH |
Las Vegas Flamingos batting - Pitching for D.C. Divided : RHP Baker Mayfield
|
Pitching: RHP Brewster Warble
|
|
Batting: RHB Xavier Hernández
|
0-0: Foul Ball, location: 2F 0-1: Foul Ball, location: 2F 0-2: Foul Ball, location: 2F 0-2: Foul Ball, location: 2F 0-2: Strikes out swinging
|
Batting: SHB Takashi Noda
|
0-0: Called Strike 0-1: Called Strike 0-2: Ball 1-2: Ball 2-2: SINGLE (Groundball, 34D)
|
Batting: RHB Ellis Greenham
|
0-0: Ball 1-0: Ball 2-0: SINGLE (Groundball, 2R) (infield hit) Takashi Noda to second
|
Batting: RHB Sun-jae Kwak
|
0-0: Ball 1-0: Foul Ball, location: 2F 1-1: Foul Ball, location: 2F 1-2: Foul Ball, location: 2F 1-2: Foul Ball, location: 2F 1-2: SINGLE (Flyball, 8LS) Takashi Noda to third Ellis Greenham to second Runner from 3rd tries for Home, SAFE, no throw
|
Batting: LHB Ruud van Ineveld
|
0-0: Called Strike 0-1: Ball 1-1: Called Strike 1-2: Ground out 6-3 (Groundball, 6S) Ellis Greenham to third Sun-jae Kwak to second
|
Batting: RHB Sake van Arem
|
0-0: Ball 1-0: Foul Ball, location: 2F 1-1: Foul Ball, location: 2F 1-2: Ball 2-2: Foul Ball, location: 2F 2-2: Strikes out swinging
|
Top of the 8th over - 1 run, 3 hits, 0 errors, 2 left on base; Las Vegas 7 - D.C. 4 |
BOTTOM OF THE 8TH |
D.C. Divided batting - Pitching for Las Vegas Flamingos : RHP Gilberto Medina
|
Batting: RHB José Torres
|
0-0: Called Strike 0-1: Ball 1-1: Ball 2-1: Ground out 4-3 (Groundball, 4)
|
Batting: RHB Wilbur Davis
|
0-0: Foul Ball, location: 2F 0-1: SINGLE (Groundball, 34D)
|
Batting: LHB Yao-pang Chiang
|
0-0: Called Strike 0-1: 2-RUN HOME RUN (Flyball, 9LD), Distance : 351 ft
|
Pitching: RHP Christian Mustard
|
|
Batting: RHB Daryl Yandell
|
0-0: Ball 1-0: Foul Ball, location: 2F 1-1: Ball 2-1: Foul Ball, location: 2F 2-2: Ball 3-2: Fly out, F8 (Flyball, 8RM)
|
Batting: RHB Oliver Aranda
|
0-0: Called Strike 0-1: Ball 1-1: Swinging Strike 1-2: Foul Ball, location: 2F 1-2: Foul Ball, location: 2F 1-2: Ball 2-2: Foul Ball, location: 2F 2-2: Foul Ball, location: 2F 2-2: Ground out 6-3 (Groundball, 6)
|
Bottom of the 8th over - 2 runs, 2 hits, 0 errors, 0 left on base; Las Vegas 7 - D.C. 6 |
TOP OF THE 9TH |
Las Vegas Flamingos batting - Pitching for D.C. Divided : RHP Brewster Warble
|
Pitching: RHP Roberto Silva
|
|
Batting: RHB Baldomero Avino
|
0-0: Called Strike 0-1: Foul Ball, location: 2F 0-2: Foul Ball, location: 2F 0-2: Ball 1-2: Foul Ball, location: 2F 1-2: Ground out 6-3 (Groundball, 6)
|
Batting: LHB Victor Adams
|
0-0: Ball 1-0: Ball 2-0: Ball 3-0: Called Strike 3-1: Ground out 2-3 (Groundball, 15S)
|
Batting: LHB Ty Tomblin
|
0-0: Ball 1-0: Foul Ball, location: 2F 1-1: Foul Ball, location: 2F 1-2: Strikes out swinging, 2-3 out at first.
|
Top of the 9th over - 0 runs, 0 hits, 0 errors, 0 left on base; Las Vegas 7 - D.C. 6 |
BOTTOM OF THE 9TH |
D.C. Divided batting - Pitching for Las Vegas Flamingos : RHP Christian Mustard
|
Pitching: RHP Vaugh Chesser
|
|
Batting: RHB Amon-Ra St. Brown
|
0-0: Ball 1-0: Foul Ball, location: 2F 1-1: Swinging Strike 1-2: Ball 2-2: Ground out 4-3 (Groundball, 4)
|
Batting: RHB Sherman N'Dir
|
0-0: Ball 1-0: Ball 2-0: Called Strike 2-1: Swinging Strike 2-2: SINGLE (Flyball, 8RM)
|
Batting: RHB Arturo Rodríguez
|
0-0: Ball 1-0: Called Strike 1-1: Ball 2-1: Foul Ball, location: 2F 2-2: Foul Ball, location: 2F 2-2: Fielders Choice at 2nd, 4-6 (Groundball, 4)
|
Batting: RHB Ken Bone
|
0-0: Fly out, F5 (Line Drive, 5L)
|
Bottom of the 9th over - 0 runs, 1 hit, 0 errors, 1 left on base; Las Vegas 7 - D.C. 6 |
|